TOP OF THE 1ST |
New Amsterdam Republics batting - Pitching for Norfolk Cruisers : RHP Gonçalo Conxacha
|
Pitching: RHP Gonçalo Conxacha
|
|
Batting: RHB Doug Reed
|
0-0: Called Strike 0-1: Ball 1-1: Ball 2-1: Ground out 6-3 (Groundball, 6)
|
Batting: RHB Ronald Shelton
|
0-0: Ball 1-0: Ball 2-0: Ball 3-0: Base on Balls
|
Batting: RHB Porter Martínez
|
0-0: Called Strike Ronald Shelton steals 2nd base 0-1: Ball 1-1: Swinging Strike 1-2: Ball 2-2: Strikes out swinging
|
Batting: RHB José Ramírez
|
0-0: Swinging Strike 0-1: Ground out 1-3 (Groundball, 23)
|
Top of the 1st over - 0 run(s), 0 hit(s), 0 error(s), 1 left on base; New Amsterdam 0 - Norfolk 0 |
BOTTOM OF THE 1ST |
Norfolk Cruisers batting - Pitching for New Amsterdam Republics : LHP Jeff Hale
|
Pitching: LHP Jeff Hale
|
|
Batting: RHB Tom Baker
|
0-0: Called Strike 0-1: Ground out 4-3 (Groundball, 34)
|
Batting: RHB Floyd Mitchell
|
0-0: Foul Ball, location: 2F 0-1: Ground out 6-3 (Groundball, 6)
|
Batting: RHB Terry Sylvester
|
0-0: Called Strike 0-1: Ball 1-1: SINGLE (Groundball, 5D)
|
Batting: RHB Jorge Gómez
|
0-0: Ball 1-0: Swinging Strike 1-1: Called Strike 1-2: Strikes out swinging
|
Bottom of the 1st over - 0 run(s), 1 hit(s), 0 error(s), 1 left on base; New Amsterdam 0 - Norfolk 0 |
TOP OF THE 2ND |
New Amsterdam Republics batting - Pitching for Norfolk Cruisers : RHP Gonçalo Conxacha
|
Batting: LHB Ken Norman
|
0-0: Called Strike 0-1: Ball 1-1: SINGLE (Flyball, 6MD)
|
Batting: RHB Noel Livingston
|
0-0: Called Strike 0-1: Ball 1-1: Swinging Strike 1-2: Strikes out swinging
|
Batting: RHB Carlos Ortega
|
0-0: Ball 1-0: Called Strike 1-1: Fly out, F8 (Flyball, 8RD)
|
Batting: RHB Fernando López
|
0-0: Ball 1-0: Ball Ken Norman steals 2nd base 2-0: SINGLE (Groundball, 13S) (infield hit) Ken Norman to third
|
Batting: RHB Jeff Hale
|
0-0: Called Strike 0-1: Ball 1-1: Fly out, F8 (Popup, 4MD)
|
Top of the 2nd over - 0 run(s), 2 hit(s), 0 error(s), 2 left on base; New Amsterdam 0 - Norfolk 0 |
BOTTOM OF THE 2ND |
Norfolk Cruisers batting - Pitching for New Amsterdam Republics : LHP Jeff Hale
|
Batting: RHB Carlos Rodríguez
|
0-0: Called Strike 0-1: Swinging Strike 0-2: Strikes out looking
|
Batting: RHB Kyle Dempsey
|
0-0: Ground out 2-3 (Groundball, 25)
|
Batting: RHB David Gómez
|
0-0: Foul Ball, location: 2F 0-1: Called Strike 0-2: Foul Ball, location: 2F 0-2: Ball 1-2: Fly out, F8 (Line Drive, 89XD)
|
Bottom of the 2nd over - 0 run(s), 0 hit(s), 0 error(s), 0 left on base; New Amsterdam 0 - Norfolk 0 |
TOP OF THE 3RD |
New Amsterdam Republics batting - Pitching for Norfolk Cruisers : RHP Gonçalo Conxacha
|
Batting: RHB Doug Reed
|
0-0: Ball 1-0: Ground out 6-3 (Groundball, 6)
|
Batting: RHB Ronald Shelton
|
0-0: Called Strike 0-1: Ball 1-1: Ball 2-1: Called Strike 2-2: Ball 3-2: Foul Ball, location: 2F 3-2: Foul Ball, location: 2F 3-2: Foul Ball, location: 2F 3-2: SINGLE (Groundball, 4MD) (infield hit)
|
Batting: RHB Porter Martínez
|
0-0: 2-RUN HOME RUN (Flyball, 7D), Distance : 393 ft
|
Batting: RHB José Ramírez
|
0-0: Called Strike 0-1: Ground out 6-3 (Groundball, 6)
|
Batting: LHB Ken Norman
|
0-0: Foul Ball, location: 2F 0-1: Ball 1-1: Ball 2-1: Called Strike 2-2: Ground out U3 (Groundball, 3)
|
Top of the 3rd over - 2 run(s), 2 hit(s), 0 error(s), 0 left on base; New Amsterdam 2 - Norfolk 0 |
BOTTOM OF THE 3RD |
Norfolk Cruisers batting - Pitching for New Amsterdam Republics : LHP Jeff Hale
|
Batting: RHB Félix Flores
|
0-0: Foul Ball, location: 2F 0-1: Ground out 2-3 (Groundball, 25)
|
Batting: RHB Gonçalo Conxacha
|
0-0: Foul Ball, location: 2F 0-1: Foul Ball, location: 2F 0-2: Foul Ball, location: 2F 0-2: Strikes out looking
|
Batting: RHB Tom Baker
|
0-0: Called Strike 0-1: Foul Ball, location: 2F 0-2: Ground out 1-3 (Groundball, 15S)
|
Bottom of the 3rd over - 0 run(s), 0 hit(s), 0 error(s), 0 left on base; New Amsterdam 2 - Norfolk 0 |
TOP OF THE 4TH |
New Amsterdam Republics batting - Pitching for Norfolk Cruisers : RHP Gonçalo Conxacha
|
Batting: RHB Noel Livingston
|
0-0: Ball 1-0: Ground out 6-3 (Groundball, 6)
|
Batting: RHB Carlos Ortega
|
0-0: Ball 1-0: Ball 2-0: Called Strike 2-1: Fly out, F7 (Flyball, 7D)
|
Batting: RHB Fernando López
|
0-0: Ball 1-0: Ball 2-0: Called Strike 2-1: Swinging Strike 2-2: Foul Ball, location: 2F 2-2: Ball 3-2: Foul Ball, location: 2F 3-2: Foul Ball, location: 2F 3-2: Base on Balls
|
Batting: RHB Jeff Hale
|
0-0: Foul Ball, location: 2F 0-1: SINGLE (Groundball, 56D) Fernando López to second
|
Batting: RHB Doug Reed
|
0-0: 3-RUN HOME RUN (Flyball, 7LD), Distance : 360 ft
|
Batting: RHB Ronald Shelton
|
0-0: Ball 1-0: Ball 2-0: Ball 3-0: Called Strike 3-1: Ground out 6-3 (Groundball, 6)
|
Top of the 4th over - 3 run(s), 2 hit(s), 0 error(s), 0 left on base; New Amsterdam 5 - Norfolk 0 |
BOTTOM OF THE 4TH |
Norfolk Cruisers batting - Pitching for New Amsterdam Republics : LHP Jeff Hale
|
Batting: RHB Floyd Mitchell
|
0-0: Called Strike 0-1: Ball 1-1: Foul Ball, location: 2F 1-2: Strikes out swinging
|
Batting: RHB Terry Sylvester
|
0-0: Called Strike 0-1: Swinging Strike 0-2: Strikes out swinging
|
Batting: RHB Jorge Gómez
|
0-0: Called Strike 0-1: Fly out, F9 (Flyball, 9S)
|
Bottom of the 4th over - 0 run(s), 0 hit(s), 0 error(s), 0 left on base; New Amsterdam 5 - Norfolk 0 |
TOP OF THE 5TH |
New Amsterdam Republics batting - Pitching for Norfolk Cruisers : RHP Gonçalo Conxacha
|
Batting: RHB Porter Martínez
|
0-0: Called Strike 0-1: Reached on error, E5 (Groundball, 56)
|
Batting: RHB José Ramírez
|
0-0: Ball 1-0: Grounds into double play, 4-6-3 (Groundball, 4)
|
Batting: LHB Ken Norman
|
0-0: Ball 1-0: Fly out, F8 (Flyball, 8RD)
|
Top of the 5th over - 0 run(s), 0 hit(s), 1 error(s), 0 left on base; New Amsterdam 5 - Norfolk 0 |
BOTTOM OF THE 5TH |
Norfolk Cruisers batting - Pitching for New Amsterdam Republics : LHP Jeff Hale
|
Batting: RHB Carlos Rodríguez
|
0-0: Called Strike 0-1: Foul Ball, location: 2F 0-2: Strikes out looking
|
Batting: RHB Kyle Dempsey
|
0-0: Swinging Strike 0-1: Foul Ball, location: 2F 0-2: Ball 1-2: Ground out 5-3 (Groundball, 56)
|
Batting: RHB David Gómez
|
0-0: Ball 1-0: Foul Ball, location: 2F 1-1: Ball 2-1: Swinging Strike 2-2: Foul Ball, location: 2F 2-2: Strikes out swinging
|
Bottom of the 5th over - 0 run(s), 0 hit(s), 0 error(s), 0 left on base; New Amsterdam 5 - Norfolk 0 |
TOP OF THE 6TH |
New Amsterdam Republics batting - Pitching for Norfolk Cruisers : RHP Gonçalo Conxacha
|
Batting: RHB Noel Livingston
|
0-0: Ball 1-0: Swinging Strike 1-1: Foul Ball, location: 2F 1-2: SINGLE (Groundball, 6D)
|
Batting: RHB Carlos Ortega
|
0-0: Called Strike 0-1: Ball 1-1: Called Strike 1-2: Ball 2-2: Strikes out swinging
|
Pitching: RHP Carlos Rúbio
|
|
Batting: RHB Fernando López
|
0-0: Swinging Strike 0-1: Ball 1-1: Ball 2-1: Foul Ball, location: 2F 2-2: Foul Ball, location: 2F 2-2: SINGLE (Groundball, 6D) Noel Livingston to second
|
Batting: RHB Jeff Hale
|
0-0: Sac Bunt - play at first, batter OUT! U3 Noel Livingston to third Fernando López to second
|
Batting: RHB Doug Reed
|
0-0: Ball 1-0: Ball 2-0: Called Strike 2-1: SINGLE (Line Drive, 9LS) Noel Livingston scores Fernando López to third Runner from 3rd tries for Home, throw and OUT!
|
Top of the 6th over - 1 run(s), 3 hit(s), 0 error(s), 1 left on base; New Amsterdam 6 - Norfolk 0 |
BOTTOM OF THE 6TH |
Norfolk Cruisers batting - Pitching for New Amsterdam Republics : LHP Jeff Hale
|
Batting: RHB Félix Flores
|
0-0: Ball 1-0: Foul Ball, location: 2F 1-1: Foul Ball, location: 2F 1-2: Strikes out swinging
|
Pinch Hitting: SHB Stephen Baldwin
|
0-0: Ball 1-0: Fly out, F3 (Popup, 3SF)
|
Batting: RHB Tom Baker
|
0-0: Ball 1-0: Swinging Strike 1-1: Ball 2-1: Ball 3-1: Called Strike 3-2: Strikes out swinging
|
Bottom of the 6th over - 0 run(s), 0 hit(s), 0 error(s), 0 left on base; New Amsterdam 6 - Norfolk 0 |
TOP OF THE 7TH |
New Amsterdam Republics batting - Pitching for Norfolk Cruisers : RHP Carlos Rúbio
|
Pitching: LHP Allen Blair
|
|
Batting: RHB Ronald Shelton
|
0-0: Ball 1-0: Ground out 6-3 (Groundball, 6)
|
Batting: RHB Porter Martínez
|
0-0: Called Strike 0-1: Ball 1-1: Ground out 6-3 (Groundball, 6M)
|
Batting: RHB José Ramírez
|
0-0: Fly out, F8 (Line Drive, 8RM)
|
Top of the 7th over - 0 run(s), 0 hit(s), 0 error(s), 0 left on base; New Amsterdam 6 - Norfolk 0 |
BOTTOM OF THE 7TH |
Norfolk Cruisers batting - Pitching for New Amsterdam Republics : LHP Jeff Hale
|
Now at 1B: Arturo Acosta
|
|
Batting: RHB Floyd Mitchell
|
0-0: Ball 1-0: Ball 2-0: Called Strike 2-1: Ground out 6-3 (Groundball, 56)
|
Batting: RHB Terry Sylvester
|
0-0: Called Strike 0-1: Ball 1-1: Swinging Strike 1-2: Strikes out swinging
|
Batting: RHB Jorge Gómez
|
0-0: Ball 1-0: Ball 2-0: Called Strike 2-1: Foul Ball, location: 2F 2-2: Ground out 5-3 (Groundball, 5)
|
Bottom of the 7th over - 0 run(s), 0 hit(s), 0 error(s), 0 left on base; New Amsterdam 6 - Norfolk 0 |
TOP OF THE 8TH |
New Amsterdam Republics batting - Pitching for Norfolk Cruisers : LHP Allen Blair
|
Batting: LHB Ken Norman
|
0-0: Called Strike 0-1: Ball 1-1: Ball 2-1: Foul Ball, location: 2F 2-2: Strikes out looking
|
Batting: RHB Noel Livingston
|
0-0: Ball 1-0: Called Strike 1-1: Ball 2-1: Ball 3-1: SINGLE (Line Drive, 78S)
|
Batting: LHB Arturo Acosta
|
0-0: Called Strike 0-1: Ball 1-1: Foul Ball, location: 2F 1-2: Strikes out swinging
|
Batting: RHB Fernando López
|
0-0: Called Strike 0-1: Foul Ball, location: 2F 0-2: Ball 1-2: Ball 2-2: Foul Ball, location: 2F 2-2: Foul Ball, location: 2F 2-2: Foul Ball, location: 2F 2-2: Fly out, F9 (Flyball, 9M)
|
Top of the 8th over - 0 run(s), 1 hit(s), 0 error(s), 1 left on base; New Amsterdam 6 - Norfolk 0 |
BOTTOM OF THE 8TH |
Norfolk Cruisers batting - Pitching for New Amsterdam Republics : LHP Jeff Hale
|
Batting: RHB Carlos Rodríguez
|
0-0: Ground out 5-3 (Groundball, 15S)
|
Batting: RHB Kyle Dempsey
|
0-0: SINGLE (Groundball, 56D)
|
Batting: RHB David Gómez
|
0-0: Ball 1-0: Called Strike 1-1: Ball 2-1: SINGLE (Groundball, 56) Kyle Dempsey to second
|
Batting: RHB Félix Flores
|
0-0: Ball 1-0: Foul Ball, location: 2F 1-1: Fly out, F9 (Flyball, 9M)
|
Pinch Hitting: RHB Steven Talley
|
0-0: Called Strike 0-1: Ball 1-1: DOUBLE (Groundball, 5L) Kyle Dempsey scores David Gómez to third Runner from 3rd tries for Home, SAFE, no throw or cutoff
|
Batting: RHB Tom Baker
|
0-0: DOUBLE (Line Drive, 9LS) Steven Talley scores
|
Batting: RHB Floyd Mitchell
|
0-0: Foul Ball, location: 2F Balk! Tom Baker to third 0-1: Ball 1-1: Fly out, F4 (Popup, 13)
|
Bottom of the 8th over - 3 run(s), 4 hit(s), 0 error(s), 1 left on base; New Amsterdam 6 - Norfolk 3 |
TOP OF THE 9TH |
New Amsterdam Republics batting - Pitching for Norfolk Cruisers : LHP Allen Blair
|
Pitching: RHP John Green
|
|
Pinch Hitting: RHB Billy Fitzgerald
|
0-0: Ball 1-0: Ground out 5-3 (Groundball, 56)
|
Batting: RHB Doug Reed
|
0-0: Ground out U3 (Groundball, 3)
|
Batting: RHB Ronald Shelton
|
0-0: Fly out, F7 (Flyball, 7LD)
|
Top of the 9th over - 0 run(s), 0 hit(s), 0 error(s), 0 left on base; New Amsterdam 6 - Norfolk 3 |
BOTTOM OF THE 9TH |
Norfolk Cruisers batting - Pitching for New Amsterdam Republics : LHP Jeff Hale
|
Pitching: RHP Albert Emery
|
|
Batting: RHB Terry Sylvester
|
0-0: DOUBLE (Flyball, 89D)
|
Batting: RHB Jorge Gómez
|
0-0: Fly out, F7 (Line Drive, 7D) Runner from 2nd tags up, SAFE at 3rd, no throw
|
Batting: RHB Carlos Rodríguez
|
0-0: Ball 1-0: Ball 2-0: Foul Ball, location: 2F 2-1: SINGLE (Groundball, 4MD) Terry Sylvester scores
|
Batting: RHB Kyle Dempsey
|
0-0: Called Strike 0-1: Foul Ball, location: 2F 0-2: Foul Ball, location: 2F 0-2: Ball 1-2: Foul Ball, location: 2F 1-2: Strikes out swinging
|
Batting: RHB David Gómez
|
0-0: Called Strike 0-1: Ball 1-1: Foul Ball, location: 2F 1-2: Ball 2-2: Strikes out swinging
|
Bottom of the 9th over - 1 run(s), 2 hit(s), 0 error(s), 1 left on base; New Amsterdam 6 - Norfolk 4 |
|